 Dungeon Crawl Stone Soup version 0.26.1-2-gb8aa6d0cf2 (webtiles) character file.

Game seed: 13422150368678059850

1876 Mattiprrivan the Sneak (level 9, -3/65 HPs)
             Began as a Gnoll Enchanter on Mar 28, 2021.
             Was a Follower of Nemelex Xobeh.
             Slain by a black bear (5 damage)
             ... on level 6 of the Dungeon.
             The game lasted 01:12:40 (7474 turns).

Mattiprrivan the Sneak (Gnoll Enchanter)            Turns: 7474, Time: 01:12:43

Health: -3/65      AC: 13    Str: 13    XL:     9   Next: 14%
Magic:  27/27      EV: 15    Int: 18    God:    Nemelex Xobeh [*.....]
Gold:   297        SH:  0    Dex: 16    Spells: 11/20 levels left

rFire    . . .     SeeInvis +   c - +2 flail (protect)
rCold    + . .     Faith    .   (no shield)
rNeg     . . .     Spirit   .   d - +2 leather armour {rC+}
rPois    .         Reflect  .   (no helmet)
rElec    .         Harm     .   (no cloak)
rCorr    +         Rampage  .   (no gloves)
Will     .....                  l - +0 pair of boots
Stlth    +++.......             (no amulet)
HPRegen  0.20/turn              e - ring of magical power
MPRegen  0.20/turn              g - ring of resist corrosion

@: protection aura
A: distributed training, fangs 1, see invisible, subdued magic 1, strong nose
a: Renounce Religion, Draw Escape, Draw Destruction, Draw Summoning


You were on level 6 of the Dungeon.
You worshipped Nemelex Xobeh.
Nemelex Xobeh was aware of your devotion.
You visited 2 branches of the dungeon, and saw 7 of its levels.

You collected 297 gold pieces.

Inventory:

Hand Weapons
 c - a +2 flail of protection (weapon)
Missiles
 a - 4 boomerangs (quivered)
Armour
 d - a +2 leather armour of cold resistance (worn)
 l - a +0 pair of boots (worn)
Jewellery
 e - a ring of magical power (left hand)
 f - an uncursed ring of magical power
 g - a ring of resist corrosion (right hand)
Scrolls
 h - 4 scrolls of identify
 j - 2 scrolls of remove curse
 m - a scroll of enchant weapon
Potions
 i - 2 potions of brilliance


   Skills:
 + Level 3.9 Fighting
 + Level 4.8 Short Blades
 + Level 3.9 Long Blades
 + Level 3.9 Axes
 + Level 3.9 Maces & Flails
 + Level 3.9 Polearms
 + Level 3.9 Staves
 + Level 3.9 Slings
 + Level 3.9 Bows
 + Level 3.9 Crossbows
 + Level 3.9 Throwing
 + Level 3.9 Armour
 + Level 6.1 Dodging
 + Level 7.2 Stealth
 + Level 3.9 Shields
 + Level 3.9 Unarmed Combat
 + Level 6.4 Spellcasting
 + Level 3.2 Conjurations
 + Level 6.4 Hexes
 + Level 3.2 Summonings
 + Level 3.2 Necromancy
 + Level 3.2 Translocations
 + Level 3.2 Transmutations
 + Level 3.2 Fire Magic
 + Level 3.2 Ice Magic
 + Level 3.2 Air Magic
 + Level 3.2 Earth Magic
 + Level 3.2 Poison Magic
 + Level 4.3 Invocations
 + Level 3.9 Evocations


You had 11 spell levels left.
You knew the following spells:

 Your Spells              Type           Power        Failure   Level
a - Corona                Hex            24%          1%          1
b - Ensorcelled Hibernat  Hex/Ice        34%          2%          2
c - Tukima's Dance        Hex            22%          2%          3
d - Confusing Touch       Hex            22%          2%          3

Your spell library contained the following spells:

 Spells                   Type           Power        Failure   Level
 Dazzling Flash           Conj/Hex       34%          4%          3


Dungeon Overview and Level Annotations

Branches:
Dungeon (6/15)             Temple (1/1) D:4

Altars:
Ashenzari
Cheibriados
Dithmenos
Elyvilon
Fedhas
Gozag
Hepliaklqana
Kikubaaqudgha
Makhleb
Nemelex Xobeh
Okawaru
Qazlal
Ru
Sif Muna
Trog
Uskayaw
Vehumet
Wu Jian
Xom
Yredelemnul
Zin
The Shining One

Shops:
D:4 [


Innate Abilities, Weirdness & Mutations

Your experience applies equally to all skills.
You have very sharp teeth.
Your uncanny sense of smell can sniff out nearby items.
You have supernaturally acute eyesight. (SInv)
Your spells are a little easier to cast, but a little less powerful.


Message History

* * * LOW HITPOINT WARNING * * *
Hit: c) +2 flail (protect)
Press: ? - help, Dir - move target, f/p - black bear
Aim: a black bear (almost dead, berserk)
You hit the black bear but do no damage.
The black bear is almost dead.
The black bear barely misses you. The black bear claws you.
* * * LOW HITPOINT WARNING * * *
The black bear claws you but does no damage.
The lemure hits you but does no damage. The black bear closely misses you.
The black bear completely misses you.
The black bear claws you but does no damage.
Hit: c) +2 flail (protect)
Press: ? - help, Dir - move target, f/p - black bear
Aim: a black bear (almost dead, berserk)
You hit the black bear.
The black bear is almost dead.
The black bear barely misses you. The black bear claws you.
You die...
Your body disappears without a glow.

#≈≈..≈..≈..≈..≈
#≈≈..≈..≈⌠.≈...≈
#≈≈...≈.⌠≈..≈..≈
#≈≈≈..≈..≈..≈..≈
#≈≈≈..≈..≈≈...≈##.....##
#.≈..≈.......# .......#
#..≈≈$.......# #.....##
..#..†.#h5.....# #.....##
......∆#@#.....$ #.....#.
......############.....#.
.(....#..∆#............#.
..... #...#.....######'##
...<. #...##....##.....##
.... #...##....##.......
.... #.........'........
∆ #.........#........
#...##....#########


You could see a black bear (berserk) and a lemure.

Vanquished Creatures
  Edmund (D:5)
  An ice beast (D:5)
  A phantom (D:5)
  An ogre (D:5)
  3 centaurs (D:5)
  A bullfrog (D:3)
  A scorpion (D:6)
  A water moccasin skeleton (D:5)
  3 howler monkeys
  A bullfrog zombie (D:5)
  A hound (D:5)
  2 orc priests
  A bullfrog skeleton (D:4)
  An iguana (D:5)
  Natasha (thrice) (D:2)
  3 orc wizards
  3 worker ants
  3 gnolls (D:2)
  10 adders
  3 white imps
  2 ufetubi
  2 oozes (D:4)
  4 worms
  4 dart slugs
  4 leopard geckos
  19 orcs
  A ball python (D:3)
  5 bats
  5 giant cockroaches
  6 goblins
  9 hobgoblins
  13 jackals
  3 quokkas
  A frilled lizard (D:2)
  10 kobolds
  A leopard gecko skeleton (D:4)
  A quokka skeleton (D:5)
  5 rats
139 creatures vanquished.

Vanquished Creatures (collateral kills)
  Maggie (D:6)
  An ogre (D:5)
  A centaur (D:5)
  A centaur skeleton (D:6)
  An orc (D:5)
  A hobgoblin (D:5)
  A kobold (D:2)
7 creatures vanquished.

Vanquished Creatures (others)
  A dancing weapon (D:5)
  11 fungi (D:5)
12 creatures vanquished.

Grand Total: 158 creatures vanquished

Notes
Turn   | Place    | Note
-------+----------+-------------------------------------------
     0 | D:1      | Mattiprrivan the Gnoll Enchanter began the quest for the
                  | Orb.
     0 | D:1      | Reached XP level 1. HP: 13/13 MP: 6/6
   163 | D:1      | Reached XP level 2. HP: 19/19 MP: 7/7
   166 | D:1      | Learned a level 2 spell: Ensorcelled Hibernation
   714 | D:1      | Reached XP level 3. HP: 25/25 MP: 9/9
   718 | D:1      | Learned a level 3 spell: Tukima's Dance
   886 | D:2      | Reached skill level 5 in Spellcasting
  1029 | D:2      | Reached skill level 6 in Stealth
  1143 | D:2      | Reached skill level 1 in Invocations
  1218 | D:2      | Reached skill level 1 in Fighting
  1218 | D:2      | Reached skill level 1 in Long Blades
  1218 | D:2      | Reached skill level 1 in Axes
  1218 | D:2      | Reached skill level 1 in Maces & Flails
  1218 | D:2      | Reached skill level 1 in Polearms
  1218 | D:2      | Reached skill level 1 in Staves
  1218 | D:2      | Reached skill level 1 in Slings
  1218 | D:2      | Reached skill level 1 in Bows
  1218 | D:2      | Reached skill level 1 in Crossbows
  1218 | D:2      | Reached skill level 1 in Throwing
  1218 | D:2      | Reached skill level 1 in Armour
  1218 | D:2      | Reached skill level 1 in Shields
  1218 | D:2      | Reached skill level 1 in Unarmed Combat
  1218 | D:2      | Reached skill level 1 in Evocations
  1342 | D:2      | Reached XP level 4. HP: 32/32 MP: 11/11
  1640 | D:2      | Reached skill level 1 in Conjurations
  1640 | D:2      | Reached skill level 1 in Summonings
  1640 | D:2      | Reached skill level 1 in Necromancy
  1640 | D:2      | Reached skill level 1 in Translocations
  1640 | D:2      | Reached skill level 1 in Transmutations
  1640 | D:2      | Reached skill level 1 in Fire Magic
  1640 | D:2      | Reached skill level 1 in Ice Magic
  1640 | D:2      | Reached skill level 1 in Air Magic
  1640 | D:2      | Reached skill level 1 in Earth Magic
  1640 | D:2      | Reached skill level 1 in Poison Magic
  1842 | D:2      | Noticed Natasha
  1848 | D:2      | Killed Natasha
  1849 | D:2      | Reached XP level 5. HP: 31/37 MP: 12/12
  2304 | D:2      | Noticed Natasha
  2315 | D:2      | Killed Natasha
  2341 | D:2      | Noticed Natasha
  2362 | D:2      | Killed Natasha
  2713 | D:3      | Gained mutation: Your spells are a little easier to cast,
                  | but a little less powerful. [potion of mutation]
  2713 | D:3      | Gained mutation: You have supernaturally acute eyesight.
                  | (SInv) [potion of mutation]
  2812 | D:3      | Reached XP level 6. HP: 39/44 MP: 10/13
  3029 | D:3      | Reached skill level 5 in Dodging
  3273 | D:3      | You fall into a shaft and drop 1 floor!
  3332 | D:4      | Found Coan's Armour Boutique.
  3363 | D:4      | Reached XP level 7. HP: 42/50 MP: 15/15
  3367 | D:4      | Learned a level 3 spell: Confusing Touch
  4959 | D:4      | Found a staircase to the Ecumenical Temple.
  4965 | Temple   | Entered the Ecumenical Temple
  5183 | Temple   | Became a worshipper of Nemelex Xobeh the Trickster
  5340 | D:5      | Entered Level 5 of the Dungeon
  5642 | D:5      | Found a radiant altar of Vehumet.
  6013 | D:5      | Reached XP level 8. HP: 58/58 MP: 16/16
  6409 | D:5      | Noticed Edmund
  6445 | D:5      | Killed Edmund
  6535 | D:5      | Reached skill level 7 in Stealth
  6759 | D:5      | Found a snail-covered altar of Cheibriados.
  6994 | D:5      | Reached * piety under Nemelex Xobeh
  7388 | D:6      | Received a gift from Nemelex Xobeh
  7440 | D:6      | Noticed Maggie
  7457 | D:6      | Killed Maggie
  7458 | D:6      | Reached XP level 9. HP: 34/65 MP: 18/18
  7472 | D:6      | HP: 3/65 [lemure[Pikel] (4)]
  7474 | D:6      | Slain by a black bear

Illustrated notes

Levels and vault maps discovered:
D:1:      mushboom_english_gardens, layout_loops_ring, minmay_tromino_v2
D:2:      layout_basic, uniq_natasha
D:3:      layout_basic
D:4:      minmay_razor_zed, layout_basic, minmay_temple_entry_butterflies,
          serial_shops, shop
D:5:      layout_loops_corners, slow_altar_2, basic_altar, serial_aquarium,
          aquarium_bridge_straight [aquarium_subvault_bridge,
          aquarium_subvault_wall, aquarium_subvault_bridge,
          aquarium_subvault_wall], aquarium_bridge_square
          [aquarium_subvault_bridge, aquarium_subvault_wall,
          aquarium_subvault_window, aquarium_subvault_bridge],
          aquarium_window_1, aquarium_window_1, aquarium_view_2e,
          aquarium_view_4, sigmund_army, uniq_edmund
D:6:      cheibrodos_helix_gallery, layout_gridville, uniq_duvessa, uniq_maggie,
          uniq_pikel, uniq_blork_the_orc
Temple:   roderic_octagonal_lattice_temple

Skill      XL: |  1  2  3  4  5  6  7  8 |
---------------+-------------------------+-----
Spellcasting   | 5 6 |  6.4
Stealth        | 6 7 |  7.2
Invocations    | 1 2 3 4 |  4.3
Fighting       | 1 2 3 |  3.9
Long Blades    | 1 2 3 |  3.9
Axes           | 1 2 3 |  3.9
Maces & Flails | 1 2 3 |  3.9
Polearms       | 1 2 3 |  3.9
Staves         | 1 2 3 |  3.9
Slings         | 1 2 3 |  3.9
Bows           | 1 2 3 |  3.9
Crossbows      | 1 2 3 |  3.9
Throwing       | 1 2 3 |  3.9
Armour         | 1 2 3 |  3.9
Shields        | 1 2 3 |  3.9
Unarmed Combat | 1 2 3 |  3.9
Evocations     | 1 2 3 |  3.9
Conjurations   | 1 2 3 |  3.2
Summonings     | 1 2 3 |  3.2
Necromancy     | 1 2 3 |  3.2
Translocations | 1 2 3 |  3.2
Transmutations | 1 2 3 |  3.2
Fire Magic     | 1 2 3 |  3.2
Ice Magic      | 1 2 3 |  3.2
Air Magic      | 1 2 3 |  3.2
Earth Magic    | 1 2 3 |  3.2
Poison Magic   | 1 2 3 |  3.2
Short Blades   | 3 4 |  4.8
Dodging        | 5 6 |  6.1
Hexes          | 6 |  6.4

Action                   |  1- 3 |  4- 6 |  7- 9 || total
-------------------------+-------+-------+-------++-------
Melee: Dagger            |    54 |    96 |    49 ||   199
       Bite              |     1 |     6 |    24 ||    31
       Flail             |       |       |   148 ||   148
       Punch             |       |       |     3 ||     3
Throw: Boomerang         |       |       |    50 ||    50
       Throwing net      |       |       |     1 ||     1
 Cast: Corona            |     3 |       |    18 ||    21
       Ensorcelled Hiber |    24 |    56 |    61 ||   141
       Tukima's Dance    |     3 |     2 |    14 ||    19
       Confusing Touch   |       |       |     1 ||     1
Invok: Draw Destruction  |       |       |     3 ||     3
       Draw Escape       |       |       |     3 ||     3
  Use: Scroll            |     5 |     4 |     2 ||    11
       Potion            |     3 |     7 |     3 ||    13
 Stab: Sleeping          |    28 |    39 |    41 ||   108
       Confused          |       |       |     1 ||     1
       Held in net/web   |       |       |     1 ||     1
Armor: Leather armour    |    12 |    19 |    98 ||   129
Dodge: Dodged            |    36 |    76 |   237 ||   349
